 Dungeon Crawl Stone Soup version 0.21.1-1-g345015f (webtiles) character file.

1 Mgcat the Insei (level 1, -2/17 HPs)
             Began as a Gnoll Transmuter on Feb 6, 2018.
             Slain by a hobgoblin (4 damage)
             ... on level 1 of the Dungeon.
             The game lasted 00:00:32 (78 turns).

Mgcat the Insei (Gnoll Transmuter)                    Turns: 78, Time: 00:00:32

Health: -2/17      AC:  2    Str: 12    XL:     1   Next: 20%
Magic:  5/6        EV: 14    Int: 15    God:
Gold:   26         SH:  0    Dex: 15    Spells: 8/9 levels left

rFire    . . .     SeeInvis .   e - -1 club (curse)
rCold    . . .     Gourm    .   (no shield)
rNeg     . . .     Faith    .   b - +0 robe
rPois    .         Spirit   .   (no helmet)
rElec    .         Reflect  .   (no cloak)
rCorr    .         Harm     .   (no gloves)
MR       .....                  (boots currently unavailable)
Stlth    +.........             (no amulet)
HPRegen  0.05/turn              (no ring)
MPRegen  0.10/turn              (no ring)

@: appendage
A: distributed training, fangs 1, talons 3, strong nose
a: End Transformation


You were on level 1 of the Dungeon.
You were not hungry.
You had grown temporary talons.
You visited 1 branch of the dungeon, and saw 1 of its levels.

You collected 26 gold pieces.

Inventory:

Hand Weapons
 e - a cursed -1 club (weapon)
   (You took it off a goblin on level 1 of the Dungeon)
Missiles
 a - 12 arrows
Armour
 b - a +0 robe (worn)
Scrolls
 g - a scroll of enchant armour {unknown}
Potions
 h - a potion of curing {unknown}
Books
 c - a book of Changes
Comestibles
 d - 2 rations
 f - 2 chunks of flesh {@w0}


   Skills:
 + Level 2.3 Fighting
 + Level 0.0 Short Blades
 + Level 0.0 Long Blades
 + Level 0.0 Axes
 + Level 0.0 Maces & Flails
 + Level 0.0 Polearms
 + Level 0.0 Staves
 + Level 0.0 Slings
 + Level 0.0 Bows
 + Level 0.0 Crossbows
 + Level 0.0 Throwing
 + Level 0.0 Armour
 + Level 4.4 Dodging
 + Level 0.0 Stealth
 + Level 0.0 Shields
 + Level 6.4 Unarmed Combat
 + Level 4.8 Spellcasting
 + Level 0.0 Conjurations
 + Level 0.0 Hexes
 + Level 0.0 Charms
 + Level 0.0 Summonings
 + Level 0.0 Necromancy
 + Level 0.0 Translocations
 + Level 3.6 Transmutations
 + Level 0.0 Fire Magic
 + Level 0.0 Ice Magic
 + Level 0.0 Air Magic
 + Level 0.0 Earth Magic
 + Level 0.0 Poison Magic
 + Level 0.0 Invocations
 + Level 0.0 Evocations


You had 8 spell levels left.
You knew the following spells:

 Your Spells              Type           Power        Failure   Level  Hunger
a - Beastly Appendage     Tmut           ##....       3%          1    None


Dungeon Overview and Level Annotations

Branches:
Dungeon (1/15)

Altars:


Innate Abilities, Weirdness & Mutations

Your experience applies equally to all skills.
You have very sharp teeth.
Your uncanny sense of smell can sniff out nearby items.
You have claws for feet.


Message History

Welcome, Mgcat the Gnoll Transmuter.
Will you prevail where others failed? Will you find the Orb of Zot?
Press ? for a list of commands and other information.
Found 8 gold pieces and a ration.
Found a staircase leading out of the dungeon.
Lua error: attempt to yield across metamethod/C-call boundary Unknown command.
Unknown command.
You now have 8 gold pieces.
d - 2 rations (gained 1)
You enter the shallow water.
Moving in this stuff is going to be slow.
Found an escape hatch in the floor.
A goblin comes into view. It is wielding a club.
The goblin shouts!
The goblin barely misses you.
You punch the goblin!
You kill the goblin!
No target in view!
No target in view!
Things that are here:
a club; a goblin corpse
e - a club Wield which item (- for none, * to show all)? (? for menu, Esc to quit)
It sticks to your hand!
e - a cursed -1 club (weapon)
You butcher the goblin corpse.
f - 2 chunks of flesh {@w0} You now have 15 gold pieces (gained 7).
g - a scroll labeled DOORGHUNIRPH Unknown command.
You now have 26 gold pieces (gained 11).
You see here a spear.
A rat comes into view.
A hobgoblin comes into view.
You see here a silvery potion.
h - a silvery potion The hobgoblin shouts!
A goblin comes into view. It is wielding a dagger.
A rat comes into view.
The goblin shouts!
You closely miss the hobgoblin. The hobgoblin hits you.
The goblin barely misses you. The goblin hits you with a dagger.
You hit the goblin.
The goblin is severely wounded.
The hobgoblin misses you. The goblin misses you.
You hit the goblin but do no damage.
The goblin is severely wounded.
The hobgoblin hits you. The goblin misses you.
The hobgoblin closely misses you.
You barely miss the goblin.
The goblin is severely wounded.
The goblin hits you but does no damage. The hobgoblin barely misses you.
You barely miss the goblin. You bite the goblin, but do no damage.
The goblin is severely wounded.
The goblin hits you with a dagger.
* * * LOW HITPOINT WARNING * * *
The hobgoblin barely misses you. The goblin hits you with a dagger.
* * * LOW HITPOINT WARNING * * *
Casting: Beastly Appendage
Confirm with . or Enter, or press ? or * to list all spells.
Your feet morph into talons.
The hobgoblin hits you.
You die...

#≈≈≈≈≈≈≈≈≈≈≈≈≈#..####
#≈≈≈≈≈≈≈≈≈≈≈≈≈#..## #
#≈≈≈≈≈...≈≈≈≈≈#...######.##
#≈≈≈≈..<..≈≈≈≈#.#...#......
#≈≈≈≈≈...≈≈≈≈≈#.###...#..#
#≈≈≈≈≈≈≈≈≈≈≈≈≈#.#....#..#
#≈≈≈≈≈≈≈≈≈≈≈≈≈#..)##.#.##
#≈≈≈≈≈≈≈≈≈≈≈≈≈#..(.....###.
#≈≈≈≈≈≈≈≈≈≈≈≈≈#@###.......(
###############gg.......##[.
∆ .#####r.##........
#..................
#######.#.........##
#.#.#.......# #...#.###...r
..###.# ##.# ... ..# .#


You could see a hobgoblin, a goblin and a rat.

Vanquished Creatures
  A goblin (D:1)
1 creature vanquished.

Notes
Turn   | Place    | Note
-------+----------+-------------------------------------------
     0 | D:1      | Mgcat the Gnoll Transmuter began the quest for the Orb.
     0 | D:1      | Reached XP level 1. HP: 17/17 MP: 6/6
    77 | D:1      | HP: 2/17 [goblin/dagger (3)]
    78 | D:1      | Slain by a hobgoblin

Action                   || total
-------------------------++-------
Melee: Club              ||     5
       Unarmed           ||     1
       Bite              ||     1
 Cast: Beastly Appendage ||     1
Dodge: Dodged            ||     8

Vault maps used:
D:1:      zaba_arrival_water

Table legend:
 A = Turns spent in this place as a percentage of turns spent in the entire game.
 B = Non-inter-level travel turns spent in this place as a percentage of non-inter-level travel turns spent in the entire game.
 C = Inter-level travel turns spent in this place as a percentage of turns spent in this place.
 D = Turns resting spent in this place as a percentage of non-inter-level travel turns spent in this place.
 E = Turns spent auto-exploring this place as a percentage of non-inter-level travel turns spent in this place.
 F = Non-inter-level travel turns spent in this place divided by the number of levels of this place that you've seen.
                   A       B       C       D       E      F
               +-------+-------+-------+-------+-------+----------------------
         Total | 100.0 | 100.0 |   0.0 |   0.0 |  69.2 |  78.0
       Dungeon | 100.0 | 100.0 |   0.0 |   0.0 |  69.2 |  78.0
               +-------+-------+-------+-------+-------+----------------------

Table legend:
 A = Kills in this place as a percentage of kills in entire the game.
 B = Kills by you in this place as a percentage of kills by you in the entire game.
 C = Kills by friends in this place as a percentage of kills by friends in the entire game.
 D = Other kills in this place as a percentage of other kills in the entire game.
 E = Experience gained in this place as a percentage of experience gained in the entire game.
 F = Experience gained in this place divided by the number of levels of this place that you have seen.
                   A       B       C       D       E      F
               +-------+-------+-------+-------+-------+----------------------
         Total | 100.0 | 100.0 |   N/A |   N/A | 100.0 |   2.0
       Dungeon | 100.0 | 100.0 |   N/A |   N/A | 100.0 |   2.0
               +-------+-------+-------+-------+-------+----------------------
